 Dungeon Crawl Stone Soup version 0.30-a0-808-g6e0788376e (webtiles) character file.

Game seed: 5453822566477617450

851 cforsyth the Covert (level 8, -4/49 HPs)
             Began as a Kobold Brigand on Feb 26, 2023.
             Killed from afar by an electric eel (14 damage)
             ... with a bolt of electricity
             ... on level 6 of the Dungeon.
             The game lasted 00:05:44 (7129 turns).

cforsyth the Covert (Kobold Brigand)                Turns: 7129, Time: 00:05:44

Health: -4/49      AC:  6    Str:  8    XL:     8   Next: 21%
Magic:  8/8        EV: 17    Int: 13    God:
Gold:   288        SH:  0    Dex: 18    Spells: 7/7 levels left

rFire   . . .      SeeInvis .    a - +2 dagger
rCold   . . .      Faith    .    (no shield)
rNeg    . . .      Spirit   .    b - +0 robe
rPois   .          Reflect  .    (no helmet)
rElec   .          Harm     .    c - +0 cloak
rCorr   .          Rampage  .    (no gloves)
Will    .....                    F - +2 pair of boots
Stlth   +++++                    (no amulet)
HPRegen 0.28/turn                (no ring)
MPRegen 0.11/turn                (no ring)

@: no status effects
A: small, no large weapons, nightstalker 3
a: no special abilities


You were on level 6 of the Dungeon.
You visited 1 branch of the dungeon, and saw 6 of its levels.

You collected 288 gold pieces.

Inventory:

Hand Weapons
 a - a +2 dagger (weapon)
Missiles
 d - 9 poisoned darts (quivered)
 e - 3 curare-tipped darts
 p - 2 atropa-tipped darts
Armour
 b - a +0 robe (worn)
 c - a +0 cloak (worn)
 B - a +0 pair of boots
 F - a +2 pair of boots (worn)
Jewellery
 o - an amulet of guardian spirit
 G - a +4 ring of slaying
Wands
 A - a wand of flame (16)
Scrolls
 f - 2 scrolls of brand weapon {unknown}
 j - 6 scrolls of teleportation {unknown}
 k - 2 scrolls of amnesia {unknown}
 l - a scroll of fear {unknown}
 n - 4 scrolls of identify {unknown}
 q - a scroll of enchant armour {unknown}
 r - 3 scrolls of magic mapping {unknown}
 u - a scroll of torment {unknown}
 v - 2 scrolls of silence {unknown}
 w - 2 scrolls of noise {unknown}
 x - 2 scrolls of enchant weapon {unknown}
 y - 3 scrolls of butterflies {unknown}
 E - a scroll of blinking {unknown}
Potions
 g - a potion of resistance {unknown}
 h - 4 potions of curing {unknown}
 i - 5 potions of heal wounds {unknown}
 m - a potion of magic {unknown}
 s - a potion of cancellation {unknown}
 t - 2 potions of mutation {unknown}
 z - a potion of degeneration {unknown}
 C - 2 potions of brilliance {unknown}
 D - a potion of haste {unknown}


   Skills:
 + Level 5.1 Fighting
 + Level 6.3 Short Blades
 - Level 2.1 Throwing
 + Level 5.2 Dodging
 + Level 8.2 Stealth


You had 7 spell levels left.
You didn't know any spells.
Your spell library contained the following spells:

 Spells                   Type           Power      Damage    Failure   Level
 Summon Small Mammal      Summ           0%         N/A       30%         1
 Call Canine Familiar     Summ           0%         N/A       67%         3
 Ozocubu's Armour         Ice            0%         N/A       67%         3
 Portal Projectile        Hex/Tloc       0%         N/A       67%         3
 Summon Guardian Golem    Hex/Summ       0%         N/A       67%         3
 Leda's Liquefaction      Hex/Erth       0%         N/A       97%         4
 Metabolic Englaciation   Hex/Ice        0%         N/A       100%        5
 Simulacrum               Ice/Necr       0%         N/A       100%        6


Dungeon Overview and Level Annotations

Branches:
Dungeon (6/15)
 Temple: D:4-7

Altars:
Dithmenos
Elyvilon
Gozag
Qazlal
Ru
Sif Muna
Trog
Uskayaw
Xom
Yredelemnul

Shops:
D:3 (

Annotations:
D:3 1 runed translucent door, Crazy Yiuf


Innate Abilities, Weirdness & Mutations

You are small and have problems with some larger weapons.
You are completely attuned to the shadows.


Message History

You kill the kobold!
The kobold shouts!
The kobold throws a stone.
The stone misses you. The kobold misses you.
You hit the kobold.
The kobold is heavily wounded.
You hit the kobold.
The kobold is severely wounded.
The kobold misses you.
You hit the kobold.
You kill the kobold!
No target in view!
No target in view!
No target in view!
No target in view!
No target in view!
C - 2 fuming green potions (gained 1)
An electric eel comes into view.
An electric eel is nearby!
An electric eel is nearby!
An electric eel is nearby!
The electric eel shoots out a bolt of lightning at you!
The bolt of electricity hits you!
You enter the shallow water.
Moving in this stuff is going to be slow.
You hit the electric eel but do no damage.
The electric eel shoots out a bolt of lightning at you!
The bolt of electricity hits you!
You hit the electric eel.
The electric eel is moderately wounded.
The electric eel shoots out a bolt of lightning at you!
The bolt of electricity hits you.
The electric eel shoots out a bolt of lightning at you!
The bolt of electricity hits you.
The electric eel shoots out a bolt of lightning at you!
The bolt of electricity hits you!
* * * LOW HITPOINT WARNING * * *
The electric eel shoots out a bolt of lightning at you!
The bolt of electricity hits you!
You die...

#...#...#...
##.......+..
#........#...
#............ #..
.##...(.##.#... #..
............... #..
..........#(#...
##..##.........#.#
..
....@.............
.
...................
.................
~.~.~~~.~.~~~~.
~~≈~~~S~~~~≈≈~~
≈≈≈~≈≈≈≈≈~≈≈≈~
≈≈≈~≈≈≈≈≈≈≈≈≈
###########


You could see an electric eel.

Vanquished Creatures
  An ice beast (D:5)
  An ogre (D:4)
  A phantom (D:5)
  Blork the orc (D:5)
  A scorpion (D:5)
  A hound (D:3)
  A jelly (D:6)
  Jessica (D:2)
  2 iguanas
  Natasha (thrice) (D:2)
  4 orc wizards
  3 adders
  A shadow imp (D:5)
  A white imp (D:6)
  An ufetubus (D:5)
  2 dart slugs (D:1)
  19 orcs
  10 bats
  6 endoplasms
  4 giant cockroaches
  3 hobgoblins
  3 quokkas
  10 ball pythons
  8 frilled lizards
  7 goblins
  9 kobolds
  2 rats (D:2)
106 creatures vanquished.

Notes
Turn   | Place    | Note
-------+----------+-------------------------------------------
     0 | D:1      | cforsyth the Kobold Brigand began the quest for the Orb.
     0 | D:1      | Reached XP level 1. HP: 12/12 MP: 1/1
   182 | D:1      | Reached XP level 2. HP: 18/18 MP: 2/2
   513 | D:1      | Reached XP level 3. HP: 22/22 MP: 3/3
   924 | D:2      | Found a shimmering altar of Xom.
  1012 | D:2      | Found a faded altar of an unknown god.
  1015 | D:2      | Noticed Natasha
  1019 | D:2      | Killed Natasha
  1020 | D:2      | Reached XP level 4. HP: 27/27 MP: 4/4
  1088 | D:2      | Noticed Jessica
  1093 | D:2      | Killed Jessica
  1094 | D:2      | Reached skill level 6 in Stealth
  1383 | D:2      | Noticed Natasha
  1396 | D:2      | Killed Natasha
  1397 | D:2      | Reached XP level 5. HP: 5/32 MP: 5/5
  1755 | D:2      | Noticed Natasha
  1779 | D:2      | Killed Natasha
  1883 | D:3      | Found Duavuboi's Weapon Emporium.
  2022 | D:3      | Found an opulent altar of Gozag.
  2079 | D:3      | Found a sacrificial altar of Ru.
  2097 | D:3      | Found a hide-covered altar of Uskayaw.
  2570 | D:3      | Found a runed translucent door.
  2573 | D:3      | Noticed Crazy Yiuf
  2644 | D:3      | Found a basalt altar of Yredelemnul.
  2644 | D:3      | Found a shimmering blue altar of Sif Muna.
  2931 | D:4      | Noticed a fire elemental
  2933 | D:4      | Noticed an air elemental
  2934 | D:4      | Found a stormy altar of Qazlal.
  2946 | D:4      | Noticed a water elemental
  3116 | D:4      | Reached XP level 6. HP: 37/37 MP: 6/6
  3340 | D:4      | Noticed an ogre
  3822 | D:4      | Found a shadowy altar of Dithmenos.
  3828 | D:4      | Found a bloodstained altar of Trog.
  4429 | D:4      | Killed an ogre
  4430 | D:4      | Reached skill level 5 in Short Blades
  4430 | D:4      | Reached skill level 7 in Stealth
  4826 | D:5      | Entered Level 5 of the Dungeon
  4884 | D:5      | Reached XP level 7. HP: 35/43 MP: 7/7
  5293 | D:5      | Found a white marble altar of Elyvilon.
  5493 | D:5      | Noticed Blork the orc
  5497 | D:5      | Killed Blork the orc
  5667 | D:5      | Reached XP level 8. HP: 44/48 MP: 8/8
  5696 | D:5      | Reached skill level 5 in Dodging
  5696 | D:5      | Reached skill level 8 in Stealth
  6359 | D:6      | Reached skill level 5 in Fighting
  7129 | D:6      | Killed from afar by an electric eel

Illustrated notes

Levels and vault maps discovered:
D:1:      erik_arrival_triangle_small, layout_basic, serial_rivers,
          chequers_serial_rivers_marsh, chequers_serial_rivers_small_3,
          chequers_serial_rivers_large_a, chequers_serial_rivers_small_3,
          chequers_serial_rivers_micro_e, chequers_serial_rivers_room_a,
          hangedman_decor_lopped
D:2:      layout_basic, basic_altar, hellmonk_ecumenical_altar_blasted,
          minmay_misc_feat_encased, grunt_ministairs_12, uniq_jessica,
          uniq_natasha
D:3:      layout_loops_ring, mainiacjoe_overflow_catwalk,
          gammafunk_temple_overflow_statue, mainiacjoe_overflow_large_starburst,
          serial_shops, shop, uniq_crazy_yiuf_cottage
D:4:      minmay_chambers_of_threes, layout_basic,
          nicolae_qazlal_style_of_elements, amethyst_overflow_temple_binary,
          minmay_misc_feat_chi, kennysheep_flooded_box
D:5:      layout_basic, elyvilon_altar_4, serial_glass, glass_columns_c,
          glass_columns_c, glass_columns_c, glass_columns_c, uniq_blork_the_orc
D:6:      minmay_goblin_kobold_castle, layout_basic, kennysheep_small_square

Skill      XL: |  1  2  3  4  5  6  7  8 |
---------------+-------------------------+-----
Short Blades   | 3 4 5 6 |  6.3
Dodging        | 2 3 4 5 |  5.2
Fighting       | 3 4 5 |  5.1
Stealth        | 6 7 8 |  8.2
Throwing       | |  2.1

Action                     |  1- 3 |  4- 6 |  7- 9 || total
---------------------------+-------+-------+-------++-------
  Melee: Dagger            |    40 |   223 |   188 ||   451
         Punch             |       |     2 |     2 ||     4
   Stab: Sleeping          |    14 |    19 |     8 ||    41
 Armour: Robe              |     4 |    19 |    27 ||    50
  Dodge: Dodged            |    13 |   152 |   131 ||   296

Table legend: (Time is in decaauts)
 A = Elapsed time spent in this place.
 B = Non-inter-level travel time spent in this place.
 C = Inter-level travel time spent in this place.
 D = Time resting spent in this place.
 E = Time spent auto-exploring this place.
 F = Levels seen in this place.
 G = Mean time per level.
                   A        B        C        D        E       F      G
               +--------+--------+--------+--------+--------+-----+--------+
         Total |   7056 |   6915 |    141 |    931 |   5056 |   6 | 1176.0 |
       Dungeon |   7056 |   6915 |    141 |    931 |   5056 |   6 | 1176.0 |
               +--------+--------+--------+--------+--------+-----+--------+

Top non-repeatable levels by time:
     D:4: 1641 daAuts
     D:5: 1513 daAuts
     D:3: 1285 daAuts
     D:1: 944 daAuts
     D:2: 939 daAuts
     D:6: 731 daAuts
